 Dungeon Crawl Stone Soup version 0.21.1-1-g345015f (webtiles) character file.

23219 mike2R the Arsonist (level 12, -5/66 HPs)
             Began as a Deep Elf Fire Elementalist on Mar 28, 2018.
             Was a Priest of Sif Muna.
             Slain by a yak (12 damage)
             ... on level 4 of the Lair of Beasts on Mar 29, 2018.
             The game lasted 02:30:19 (22546 turns).

mike2R the Arsonist (Deep Elf Fire Elementalist)   Turns: 22546, Time: 02:30:20

Health: -5/66      AC: 11    Str:  5    XL:     12   Next: 69%
Magic:  1/24       EV: 16    Int: 26    God:    Sif Muna [***...]
Gold:   675        SH:  0    Dex: 15    Spells: 4/24 levels left

rFire    + . .     SeeInvis .   x - +7 dagger (vamp)
rCold    . . .     Gourm    .   (no shield)
rNeg     . . .     Faith    .   a - +0 leather armour {rPois}
rPois    +         Spirit   .   N - +0 helmet
rElec    .         Reflect  .   i - +1 cloak
rCorr    .         Harm     .   r - +1 pair of gloves
MR       +....                  h - +2 pair of boots
Stlth    +++.......             (no amulet)
HPRegen  0.21/turn              q - ring of fire
MPRegen  0.19/turn              e - ring of protection from cold

@: about to teleport
A: no striking features
a: Divine Energy, Channel Magic, Renounce Religion


You were on level 4 of the Lair of Beasts.
You worshipped Sif Muna.
Sif Muna was most pleased with you.
You were hungry.

You visited 3 branches of the dungeon, and saw 15 of its levels.

You collected 839 gold pieces.
You spent 164 gold pieces at shops.

Inventory:

Hand Weapons
 x - a +7 vampiric dagger (weapon)
Missiles
 t - 11 tomahawks (quivered)
 H - 3 tomahawks of returning
Armour
 a - a +0 leather armour of poison resistance (worn)
 h - a +2 pair of boots (worn)
 i - a +1 cloak (worn)
 r - a +1 pair of gloves (worn)
 N - a +0 helmet (worn)
Jewellery
 e - a ring of protection from cold (right hand)
 q - a ring of fire (left hand)
 F - an uncursed ring of fire
Wands
 f - a wand of disintegration (15)
 y - a wand of digging (19)
 A - a wand of random effects (29)
 I - a wand of acid (2)
 K - a wand of iceblast (5)
Scrolls
 d - 2 scrolls of magic mapping
 g - 3 scrolls of amnesia
 j - 2 scrolls of identify
 s - 7 scrolls of teleportation
 B - a scroll of remove curse
 C - 2 scrolls of immolation
 J - a scroll of torment {unknown}
Potions
 b - a potion of haste
 k - 2 potions of might
 l - 2 potions of brilliance
 m - 2 potions of curing
 n - 3 potions of resistance
 p - 2 potions of lignification
 u - a potion of berserk rage
 v - a potion of cancellation
 w - 2 potions of ambrosia
 z - a potion of invisibility
 D - a potion of agility
 E - a potion of flight {unknown}
Books
 o - a book of Callings

   Spells                             Type                      Level
   a - Summon Small Mammal            Summoning                    1
   b - Call Imp                       Summoning                    2
   c - Call Canine Familiar           Summoning                    3
   d - Summon Guardian Golem          Hexes/Summoning              3
   e - Summon Lightning Spire         Summoning/Air                4
   f - Summon Ice Beast               Ice/Summoning                4
Comestibles
 c - 20 rations
 G - a chunk of flesh


   Skills:
 - Level 4.1 Fighting
 - Level 10.1 Short Blades
 - Level 3.3 Throwing
 - Level 2.9 Armour
 - Level 8.1 Dodging
 - Level 6.9 Stealth
 - Level 6.8 Spellcasting
 - Level 10.0 Conjurations
 + Level 4.3 Summonings
 - Level 10.5 Fire Magic
 - Level 7.1 Evocations


You had 4 spell levels left.
You knew the following spells:

 Your Spells              Type           Power        Failure   Level  Hunger
a - Flame Tongue          Conj/Fire      #####        1%          1    None
b - Throw Flame           Conj/Fire      ######       1%          2    None
c - Conjure Flame         Conj/Fire      #######.     1%          3    None
d - Inner Flame           Hex/Fire       ######..     3%          3    None
e - Sticky Flame          Conj/Fire      #######.     1%          4    ###....
f - Fireball              Conj/Fire      #######...   4%          5    #####..
g - Call Imp              Summ           ####....     2%          2    None


Dungeon Overview and Level Annotations

Branches:
Dungeon (10/15)            Temple (1/1) D:4            Lair (4/6) D:9
 Shoals (0/4) Lair:2
  Snake: Lair:2-4    Spider: Lair:2-4       Orc: D:9-12

Altars:
Ashenzari
Cheibriados
Dithmenos
Elyvilon
Fedhas
Gozag
Hepliaklqana
Kikubaaqudgha
Makhleb
Nemelex Xobeh
Okawaru
Qazlal
Ru
Sif Muna
Trog
Uskayaw
Vehumet
Wu Jian
Xom
Yredelemnul
Zin
The Shining One

Shops:
D:4 ([   D:8 (

Annotations:
D:8 Gastronok
Lair:3 Curus's ghost, journeyman HOBe


Message History

The yak burns!
You hit the yak.
The yak is almost dead.
The yak misses you.
Casting: Sticky Flame
Confirm with . or Enter, or press ? or * to list all spells.
You don't have enough magic to cast that spell.
You hit the yak but do no damage.
The yak is almost dead.
The yak burns!
The yak gores you but does no damage.
You hit the yak.
You feel better.
The yak is almost dead.
The yak closely misses you. The yak gores you! x2
* * * LOW HITPOINT WARNING * * *
Okay, then.
As you read the scroll of teleportation, it crumbles to dust.
You feel strangely unstable.
The yak burns!
The yak gores you!
* * * LOW HITPOINT WARNING * * *
The yak gores you!
You die...

#############
#...........#
#..YY.§§§...##
##.@Y.§§§....#
###Y...§#...##
#..Y.........#
##...........##
#.#........#.#
####........###
#............#
#...........##
#..........###


You could see 5 yaks.

Vanquished Creatures
  A fire dragon (D:9)
  Harold (Lair:4)
  A hydra (Lair:2)
  A catoblepas (Lair:4)
  3 two-headed ogres
  Pikel (D:3)
  Joseph (D:9)
  Maurice (D:9)
  2 black mambas
  4 spiny frogs
  2 rime drakes (Lair:3)
  5 komodo dragons
  A troll (D:9)
  A hornet (D:7)
  Prince Ribbit (D:8)
  A polar bear (Lair:3)
  4 blink frogs (Lair:1)
  8 hippogriffs
  Sigmund (D:3)
  A shadow (D:9)
  3 wyverns
  13 yaks
  Eustachio (D:7)
  2 basilisks (Lair:1)
  Grum (D:9)
  The ghost of manyhoops the Charlatan, an amateur GnWn of Hepliaklqana (D:6)
  A soldier ant (D:9)
  5 water moccasins
  5 porcupines
  A hornet zombie (D:9)
  2 black bears
  2 ice beasts
  10 ogres
  7 orc warriors
  3 sky beasts
  2 eyes of draining (D:9)
  2 phantoms
  2 necrophages
  6 wolves
  3 centaurs
  6 crocodiles
  2 big kobolds
  7 bullfrogs
  2 scorpions
  5 killer bees
  A howler monkey (D:7)
  6 crimson imps
  A centaur zombie (D:5)
  3 bullfrog skeletons
  A bullfrog zombie (D:5)
  4 hounds
  An iguana (D:6)
  11 orc priests
  14 orc wizards
  10 worker ants
  A hound zombie (D:5)
  3 hound skeletons
  A worker ant zombie (D:6)
  6 adders
  3 shadow imps
  2 adder skeletons (D:4)
  An adder zombie (D:8)
  4 worms
  A dart slug (D:1)
  3 leopard geckos
  50 orcs
  8 giant cockroaches
  7 goblins
  5 hobgoblins
  6 jackals
  10 kobolds
  4 quokkas
  2 ball pythons
  8 bats
  3 frilled lizards
  2 leopard gecko skeletons
  2 leopard gecko zombies
  A quokka skeleton (D:5)
  3 quokka zombies
  8 rats
  A plant (Lair:3)
332 creatures vanquished.

Vanquished Creatures (others)
  A worker ant (D:4)
  An orc (D:4)
  A bush (Lair:4)
  2 fungi
  3 plants
8 creatures vanquished.

Grand Total: 340 creatures vanquished

Notes
Turn   | Place    | Note
-------+----------+-------------------------------------------
     0 | D:1      | mike2R the Deep Elf Fire Elementalist began the quest for the Orb.
     0 | D:1      | Reached XP level 1. HP: 10/10 MP: 6/6
   203 | D:1      | Reached XP level 2. HP: 15/15 MP: 2/8
   253 | D:1      | Learned a level 2 spell: Throw Flame
  1228 | D:2      | Reached XP level 3. HP: 19/19 MP: 8/10
  1834 | D:2      | Learned a level 3 spell: Conjure Flame
  1838 | D:2      | Learned a level 3 spell: Inner Flame
  2022 | D:3      | Reached XP level 4. HP: 24/24 MP: 6/12
  2289 | D:3      | Noticed Sigmund
  2300 | D:3      | Killed Sigmund
  2300 | D:3      | Reached XP level 5. HP: 24/30 MP: 2/13
  2887 | D:4      | Reached XP level 6. HP: 32/36 MP: 6/14
  3420 | D:3      | Learned a level 4 spell: Sticky Flame
  3595 | D:4      | Found Sigump's Antique Weapon Shoppe.
  3766 | D:4      | Reached skill level 5 in Spellcasting
  3768 | D:4      | Noticed a slave
  3771 | D:4      | Noticed a slave
  3839 | D:4      | Reached skill level 5 in Fire Magic
  3839 | D:4      | Reached XP level 7. HP: 34/40 MP: 6/16
  3991 | D:4      | Noticed Pikel
  4058 | D:3      | Killed Pikel
  4058 | D:3      | Reached skill level 5 in Conjurations
  4058 | D:3      | Reached XP level 8. HP: 13/45 MP: 2/20
  4065 | D:3      | Learned a level 5 spell: Fireball
  4322 | D:4      | Found Ubaofaba's Armour Shop.
  4339 | D:4      | Bought a +0 pair of gloves for 49 gold pieces
  4560 | D:4      | Found a staircase to the Ecumenical Temple.
  4574 | Temple   | Entered the Ecumenical Temple
  4622 | Temple   | Became a worshipper of Sif Muna the Loreminder
  4943 | D:5      | Entered Level 5 of the Dungeon
  5652 | D:4      | Bought a +0 cloak for 49 gold pieces
  6056 | D:5      | Reached * piety under Sif Muna
  6255 | D:5      | Got a crystal hunting sling
  6262 | D:5      | Identified the +0 hunting sling of Turmoil {freeze, +Inv rElec Dex+3} (You found it on level 5 of the Dungeon)
  6283 | D:6      | Noticed manyhoops's ghost (amateur GnWn)
  6646 | D:6      | Found a stormy altar of Qazlal.
  6670 | D:6      | Noticed Eustachio
  6758 | D:6      | Reached XP level 9. HP: 38/49 MP: 14/21
  6947 | D:6      | Killed manyhoops's ghost
  7948 | D:4      | Bought a +0 leather armour of poison resistance for 66 gold pieces
  8137 | D:7      | Reached skill level 5 in Dodging
  9145 | D:7      | Reached skill level 1 in Short Blades
  9640 | D:7      | Reached ** piety under Sif Muna
  9688 | D:7      | Killed Eustachio
  9688 | D:7      | Reached XP level 10. HP: 50/55 MP: 8/22
 10135 | D:8      | Noticed Gastronok
 10141 | D:8      | Noticed Prince Ribbit
 10159 | D:8      | Killed Prince Ribbit
 10606 | D:8      | Noticed a two-headed ogre
 10617 | D:8      | Killed a two-headed ogre
 12041 | D:8      | Found Xoff's Antique Weapon Boutique.
 12629 | D:9      | Noticed Joseph
 13196 | D:9      | Noticed Maurice
 13200 | D:9      | Killed Maurice
 13509 | D:9      | Noticed a two-headed ogre
 13517 | D:9      | Killed a two-headed ogre
 13517 | D:9      | Reached skill level 10 in Short Blades
 13517 | D:9      | Reached XP level 11. HP: 35/61 MP: 10/23
 13684 | D:9      | Noticed Grum
 13704 | D:9      | Killed Grum
 13713 | D:9      | Reached skill level 1 in Armour
 14203 | D:9      | Killed Joseph
 14792 | D:9      | Noticed a two-headed ogre
 15051 | D:9      | Killed a two-headed ogre
 15755 | D:9      | Reached skill level 1 in Throwing
 15782 | D:9      | Noticed a fire dragon
 16123 | D:9      | Killed a fire dragon
 16274 | D:9      | Found a staircase to the Lair.
 16530 | D:10     | Entered Level 10 of the Dungeon
 16577 | Lair:1   | Entered Level 1 of the Lair of Beasts
 16610 | Lair:1   | Reached skill level 1 in Evocations
 16959 | Lair:1   | Reached skill level 5 in Evocations
 17919 | Lair:1   | Reached XP level 12. HP: 50/66 MP: 6/24
 18739 | Lair:2   | Noticed a seven-headed hydra
 18746 | Lair:2   | Killed a seven-headed hydra
 18775 | Lair:1   | Reached *** piety under Sif Muna
 19334 | Lair:2   | Found a staircase to the Shoals.
 19839 | Lair:3   | Reached skill level 10 in Fire Magic
 20287 | Lair:3   | Noticed Curus's ghost (journeyman HOBe)
 20726 | Lair:3   | Reached skill level 10 in Conjurations
 21008 | Lair:3   | Reached skill level 5 in Stealth
 21866 | Lair:4   | Noticed Harold
 21883 | Lair:4   | Killed Harold
 21955 | Lair:4   | Learned a level 2 spell: Call Imp
 21971 | Lair:4   | Reached skill level 1 in Summonings
 21977 | Lair:4   | Noticed a catoblepas
 22171 | Lair:4   | Killed a catoblepas
 22546 | Lair:4   | Slain by a yak

Skill      XL: |  1  2  3  4  5  6  7  8  9 10 11 12 |
---------------+-------------------------------------+-----
Conjurations   | 2 3 5 7 8 10 | 10.0
Spellcasting   | 4 5 6 |  6.8
Fire Magic     | 4 5 6 8 9 10 | 10.5
Fighting       | 2 4 |  4.1
Dodging        | 4 6 8 |  8.1
Short Blades   | 3 10 | 10.1
Armour         | 2 |  2.9
Stealth        | 3 6 |  6.9
Throwing       | 3 |  3.3
Evocations     | 7 |  7.1
Summonings     | 4 |  4.3

Action                   |  1- 3 |  4- 6 |  7- 9 | 10-12 || total
-------------------------+-------+-------+-------+-------++-------
Melee: Dagger            |     2 |    10 |   429 |   453 ||   894
Throw: Tomahawk          |       |       |     6 |    14 ||    20
 Cast: Flame Tongue      |    50 |    69 |   163 |   199 ||   481
       Throw Flame       |    18 |    13 |    40 |   146 ||   217
       Conjure Flame     |       |     2 |    13 |     5 ||    20
       Inner Flame       |       |     1 |       |     2 ||     3
       Sticky Flame      |       |       |    27 |   102 ||   129
       Fireball          |       |       |     9 |    32 ||    41
Invok: Divine Energy     |       |       |     2 |       ||     2
       Stop Divine Energ |       |       |     2 |       ||     2
       Channel Magic     |       |       |       |     1 ||     1
Evoke: Wand              |       |       |       |    15 ||    15
       Phantom mirror    |       |       |       |     1 ||     1
  Use: Scroll            |     5 |     5 |    13 |    17 ||    40
       Potion            |       |     1 |     3 |     1 ||     5
 Stab: Sleeping          |     1 |     4 |     7 |     1 ||    13
       Petrified         |       |       |       |     1 ||     1
  Eat: Chunk             |     4 |     5 |     9 |    29 ||    47
       Ration            |       |       |     7 |     8 ||    15
Armor: Robe              |     2 |     2 |       |       ||     4
       Leather armour    |       |       |   128 |   124 ||   252
Dodge: Dodged            |     9 |    25 |   281 |   317 ||   632
